 Dungeon Crawl Stone Soup version 0.24.0-37-gcf1ca852f1 (webtiles) character file.

Game seed: 9844790595257108939, levelgen mode: deterministic

61284 BoneStone the Basher (level 15, -9/204 HPs)
             Began as a Naga Fighter on Dec 3, 2019.
             Was a Priest of the Shining One (penitent).
             Mangled by a +2 dire flail of protection (15 damage)
             ... on level 2 of the Elven Halls on Dec 4, 2019.
             The game lasted 02:39:58 (19485 turns).

BoneStone the Basher (Naga Fighter)                Turns: 19485, Time: 02:39:59

Health: -9/204     AC: 30    Str: 25    XL:     15   Next: 2%
Magic:  18/18      EV:  1    Int: 10    God:    the Shining One [*]
Gold:   1362       SH: 27    Dex: 12    Spells: 10/14 levels left

rFire    . . .     SeeInvis +   p - +2 rapier (vamp)
rCold    . . .     Gourm    .   G - +8 large shield "Mirusiet" {rElec}
rNeg     + + +     Faith    .   (armour currently unavailable)
rPois    +         Spirit   .   (helmet currently unavailable)
rElec    +         Reflect  .   (cloak currently unavailable)
rCorr    .         Harm     .   (gloves currently unavailable)
MR       +....     NoTele   +   (no barding)
Stlth    ++........             m - amulet of magic regeneration
HPRegen  0.44/turn              l - +3 ring of protection
MPRegen  0.41/turn              k - +3 ring of strength

@: tree-form, very slightly contaminated, studying Maces & Flails
A: large, see invisible, slow metabolism 1, spit poison 1, no potion heal 1,
MP-powered wands, AC +5
a: Spit Poison, Renounce Religion


You were on level 2 of the Elven Halls.
You worshipped the Shining One.
The Shining One was demanding penance.
You were not hungry.
You were a tree.
You visited 5 branches of the dungeon, and saw 18 of its levels.

You collected 1722 gold pieces.
You spent 360 gold pieces at shops.

Inventory:

Hand Weapons
 e - a +3 mace of crushing
 p - a +2 vampiric rapier (weapon)
 v - a +2 trident of venom
 A - a +4 halberd of freezing
 B - a +7 dagger
 D - a +2 long sword of slicing
 I - a +3 dagger of pain
 O - a +2 mace of holy wrath
 R - a +0 flail of draining
 T - a +2 dagger of chaos
 Y - a +4 short sword of electrocution
Missiles
 d - 17 poisoned darts
 w - 7 boomerangs (quivered)
 E - 2 curare-tipped darts
 P - 5 javelins
Armour
 b - a scarf of repulsion (melded)
 g - a +0 troll leather armour (melded)
 i - a +0 hat of see invisible
 y - a +2 pair of gloves (melded)
 G - the +8 large shield "Mirusiet" (worn) {rElec}
   (You found it on level 8 of the Dungeon)

   It insulates you from electricity.
 Z - a +0 cloak
Magical Staves
 u - a cursed staff of earth
Jewellery
 k - a +3 ring of strength (right branch)
 l - a +3 ring of protection (left branch)
 m - an amulet of magic regeneration (around neck)
 n - an uncursed ring of protection from cold
 o - an uncursed ring of ice
 F - an uncursed ring of fire
 K - an uncursed ring of wizardry
 W - an uncursed amulet of guardian spirit
Wands
 q - a wand of enslavement (9)
 x - a wand of flame (4)
 J - a wand of disintegration (7)
 L - a wand of polymorph (9)
 V - a wand of digging (7)
 X - a wand of random effects (25)
Scrolls
 c - 2 scrolls of identify
 z - 3 scrolls of amnesia
 H - a scroll of fog
 N - 6 scrolls of remove curse
Potions
 h - 2 potions of magic
 M - a potion of brilliance
 Q - a potion of flight
 S - 2 potions of invisibility
 U - a potion of lignification
Books
 t - a manual of Maces & Flails
Comestibles
 f - 34 rations
 j - 3 chunks of flesh


   Skills:
 + Level 9.4 Fighting
 + Level 3.3 Short Blades
 - Level 14.0 Maces & Flails
 + Level 10.7 Throwing
 + Level 5.9 Armour
 + Level 8.0 Dodging
 + Level 4.0 Stealth
 + Level 11.6 Shields
 + Level 0.2 Spellcasting
 + Level 0.2 Charms
 + Level 4.0 Invocations
 + Level 2.1 Evocations


You had 10 spell levels left.
You knew the following spells:

 Your Spells              Type           Power        Failure   Level  Hunger
a - Infusion              Chrm           #...         56%         1    ##.....
b - Regeneration          Chrm/Necr      #.........   91%         3    ####...

Your spell library contained the following spells:

 Spells                   Type           Power        Failure   Level  Hunger
 Corona                   Hex            #......      61%         1    ##.....
 Summon Butterflies       Summ           #.......     61%         1    ##.....
 Song of Slaying          Chrm           #.......     71%         2    ###....
 Shroud of Golubria       Chrm/Tloc      #.....       73%         2    ###....
 Ensorcelled Hibernation  Hex/Ice        #.....       75%         2    ###....
 Poisonous Vapours        Pois/Air       #.....       75%         2    ###....
 Spectral Weapon          Hex/Chrm       #.......     91%         3    ####...
 Call Canine Familiar     Summ           #.......     93%         3    ####...
 Confuse                  Hex            #.......     93%         3    ####...
 Conjure Flame            Conj/Fire      #.......     93%         3    ####...
 Dazzling Spray           Conj/Hex       #.....       93%         3    ####...
 Mephitic Cloud           Conj/Pois/Air  #.......     93%         3    ####...
 Tukima's Dance           Hex            #.......     93%         3    ####...
 Summon Ice Beast         Ice/Summ       #.......     100%        4    #####..
 Summon Mana Viper        Hex/Summ       #.......     100%        5    ######.
 Freezing Cloud           Conj/Ice/Air   #.........   100%        6    #######
 Ring of Flames           Chrm/Fire      #.........   100%        7    #######
 Summon Hydra             Summ           #.........   100%        7    #######


Dungeon Overview and Level Annotations

Branches:
Dungeon (12/15)            Temple (1/1) D:4            Lair (1/6) D:9
    Orc (2/2) D:10            Elf (2/3) Orc:2

Altars:
Ashenzari
Cheibriados
Dithmenos
Elyvilon
Fedhas
Gozag
Hepliaklqana
Kikubaaqudgha
Makhleb
Nemelex Xobeh
Okawaru
Qazlal
Ru
Sif Muna
Trog
Uskayaw
Vehumet
Wu Jian
Xom
Yredelemnul
Zin
The Shining One
Beogh

Shops:
Orc:2 **[}   Elf:1 !

Annotations:
D:8 2 transporters
Elf:1 exclusion: 3 oklob plants


Innate Abilities, Weirdness & Mutations

You cannot wear boots.
((Your serpentine skin is tough. (AC +5)))
You have supernaturally acute eyesight. (SInv)
((Armour fits poorly on your strangely shaped body.))
((Your system is resistant to poisons. (rPois)))
((You cover ground very slowly.))
You have a slow metabolism.
You can spit poison.
((You can use your snake-like lower body to constrict enemies.))
Potions are less effective at restoring your health.
You expend magic power (3 MP) to strengthen your wands.


Message History

The boomerang hits the deep elf mage!
The deep elf mage is heavily wounded.
The +2 dire flail of protection hits you but does no damage.
A battlesphere comes into view.
Throwing (i - inventory. (/) - cycle)
w - 7 boomerangs (quivered)
Press: ? - help, Shift-Dir - straight line, f/p - deep elf mage
Aim: a deep elf mage, wielding a +0 dagger and wearing a +0 leather armour (black smoke, heavily wounded)
You throw a boomerang.
The boomerang hits the +2 dire flail of protection.
The +2 dire flail of protection is heavily damaged.
You block the +2 dire flail of protection's attack.
Throwing (i - inventory. (/) - cycle)
w - 7 boomerangs (quivered)
Press: ? - help, Shift-Dir - straight line, f/p - deep elf mage
Aim: a deep elf mage, wielding a +0 dagger and wearing a +0 leather armour (black smoke, heavily wounded)
You throw a boomerang.
The boomerang misses the +2 dire flail of protection.
The boomerang hits the deep elf mage!
The deep elf mage is severely wounded.
The +2 dire flail of protection hits you!
You die...

...#..# *#...#* *,************
.#....######.#######,,*,,,,,,,,,,
.,+........e.E°.....,,,,*********
,,#..##.####).......,,*,,,,,*,,,,
,,#..##'####+#######,,*****,*,***
###..#...)...§## *,,* *,,,*,,,*
.....'..e....§§# *,,*#*,*****,*
.....'.....§.*e#####...#*,,,,,,,*
#..###.....§.(((♣§§..#,**,*****,*
#..###..§...§.########,**,,,*,,,*
#''##......e.## **+****,*,***
.......####### **,,,,,,,*,,,,
###.....## **,,,,*********
##..#.#..# *,,,,,,,* *,*
##.......# *,,,,,,,* *,,
##.......# *,,,,,,,*****+*
##..#*#..# **,,,,,,,,,,,,>


You could see a deep elf mage and 2 dancing weapons.

Vanquished Creatures
  Gastronok (D:10)
  Nessos (Orc:2)
  An ettin (Orc:1)
  3 deep elf death magi (Elf:1)
  Harold (D:10)
  4 ogre magi (Orc:2)
  Erolcha (Orc:1)
  2 hydras (D:11)
  11 two-headed ogres (Orc:2)
  A centaur warrior (D:9)
  7 dancing weapons
  10 deep elf knights
  5 deep elf archers (Elf:1)
  33 deep elf magi
  4 cyclopes
  An orc sorcerer (Orc:1)
  2 centaur zombies
  A guardian serpent (shapeshifter) (Elf:2)
  Psyche (D:8)
  Joseph (D:10)
  Maurice (Orc:2)
  A gargoyle (D:11)
  2 trolls
  2 hippogriffs
  2 air elementals
  3 fire elementals (Elf:1)
  2 water elementals
  A hungry ghost (D:11)
  A steam dragon (D:10)
  A wyvern (D:10)
  14 yaks
  3 wargs
  2 acid dragons
  A water moccasin (D:8)
  Duvessa (D:7)
  11 orc warriors
  3 ice beasts (D:6)
  2 sky beasts
  3 phantoms
  A black bear (D:10)
  A necrophage (D:5)
  30 ogres
  A crocodile (D:9)
  4 centaurs
  A big kobold (D:10)
  5 bullfrogs
  Dowan (D:7)
  11 killer bees
  A scorpion (D:7)
  4 wights
  12 crimson imps
  3 howler monkeys
  2 bullfrog zombies
  3 hounds
  A quasit (D:9)
  2 jellies
  11 orc priests
  A centaur skeleton (D:4)
  4 bullfrog skeletons
  3 iguanas
  Natasha (twice) (D:2)
  19 orc wizards
  9 worker ants
  A hound zombie (D:4)
  3 worker ant zombies
  4 gnolls
  16 adders
  5 shadow imps
  An ooze (D:3)
  An adder skeleton (D:7)
  5 worms
  A dart slug (D:1)
  2 leopard geckos (D:4)
  85 orcs
  8 ball pythons
  11 bats
  5 giant cockroaches
  15 hobgoblins
  21 jackals
  4 quokkas
  10 frilled lizards
  A giant cockroach zombie (D:4)
  9 goblins
  7 kobolds
  3 rats
  2 crawling corpses (Elf:1)
499 creatures vanquished.

Vanquished Creatures (others)
  A warg (D:9)
  A bullfrog (D:9)
  An orc priest (D:9)
  2 adders (D:11)
  A plant (D:11)
6 creatures vanquished.

Grand Total: 505 creatures vanquished

Notes
Turn   | Place    | Note
-------+----------+-------------------------------------------
     0 | D:1      | BoneStone the Naga Fighter began the quest for the Orb.
     0 | D:1      | Reached XP level 1. HP: 21/21 MP: 1/1
   338 | D:1      | Reached XP level 2. HP: 23/28 MP: 2/2
   825 | D:1      | Reached XP level 3. HP: 19/34 MP: 3/3
  1222 | D:2      | Reached XP level 4. HP: 4/42 MP: 4/4
  1229 | D:2      | HP: 2/42 [gnoll/+0 whip (2)]
  1565 | D:2      | Reached skill level 1 in Dodging
  1719 | D:2      | Found a hide-covered altar of Uskayaw.
  1904 | D:2      | Reached XP level 5. HP: 49/49 MP: 5/5
  1983 | D:2      | Noticed Natasha
  1993 | D:2      | Killed Natasha
  2077 | D:2      | Found a stormy altar of Qazlal.
  2864 | D:2      | Noticed Natasha
  2872 | D:2      | Killed Natasha
  2872 | D:2      | Reached XP level 6. HP: 46/56 MP: 6/6
  3426 | D:3      | Found an iron altar of Okawaru.
  3687 | D:3      | Found a bloodstained altar of Trog.
  4524 | D:4      | Found a staircase to the Ecumenical Temple.
  4532 | D:4      | Reached skill level 1 in Maces & Flails
  4541 | Temple   | Entered the Ecumenical Temple
  4715 | Temple   | Became a worshipper of Ru the Awakened
  4782 | D:4      | Found a hazy altar of Hepliaklqana.
  4853 | D:4      | Found a transporter.
  4858 | D:4      | Found an opulent altar of Gozag.
  4871 | D:4      | Found a transporter.
  4919 | D:4      | Found a bloodstained altar of Trog.
  4919 | D:4      | Noticed a phantom
  4990 | D:4      | Killed a phantom
  4990 | D:4      | Reached skill level 2 in Maces & Flails
  4990 | D:4      | Reached XP level 7. HP: 56/62 MP: 7/7
  5070 | D:4      | Reached skill level 1 in Throwing
  5831 | D:5      | Entered Level 5 of the Dungeon
  5864 | D:5      | HP: 2/64 [worker ant (4)]
  5870 | D:5      | Gained mutation: Potions are less effective at restoring
                  | your health. [potion of mutation]
  5870 | D:5      | Gained mutation: You expend magic power (3 MP) to
                  | strengthen your wands. [potion of mutation]
  5927 | D:5      | Reached skill level 3 in Maces & Flails
  5927 | D:5      | Reached XP level 8. HP: 27/72 MP: 8/8
  6392 | D:5      | Reached skill level 1 in Stealth
  6593 | D:5      | Fell from the grace of Ru
  6877 | D:6      | Found a glowing golden altar of the Shining One.
  6893 | D:6      | Became a worshipper of the Shining One
  6935 | D:6      | Learned a level 1 spell: Infusion
  7048 | D:6      | Reached skill level 4 in Maces & Flails
  7116 | D:6      | Found a transporter.
  7165 | D:6      | Found a transporter.
  7504 | D:6      | Reached skill level 5 in Fighting
  7900 | D:6      | Reached XP level 9. HP: 65/81 MP: 9/9
  8040 | D:6      | Reached skill level 5 in Maces & Flails
  8797 | D:7      | Reached skill level 5 in Armour
  8967 | D:7      | Found a burning altar of Makhleb.
  8967 | D:7      | Found a shimmering altar of Xom.
  8980 | D:7      | Found a shadowy altar of Dithmenos.
  9340 | D:7      | Noticed Duvessa
  9345 | D:7      | Noticed Dowan
  9354 | D:7      | Killed Duvessa
  9354 | D:7      | Reached skill level 6 in Maces & Flails
  9364 | D:7      | Killed Dowan
  9899 | D:8      | Reached * piety under the Shining One
 10409 | D:8      | Reached skill level 5 in Shields
 10614 | D:8      | Reached XP level 10. HP: 70/88 MP: 10/10
 10811 | D:8      | Learned a level 3 spell: Regeneration
 10857 | D:8      | Noticed Psyche
 10870 | D:8      | Killed Psyche
 10870 | D:8      | Reached skill level 7 in Maces & Flails
 11084 | D:8      | Got a faintly glowing large shield
 11085 | D:8      | Identified the +8 large shield "Mirusiet" {rElec} (You
                  | found it on level 8 of the Dungeon)
 11160 | D:8      | Found a transporter.
 11291 | D:8      | Found a transporter.
 11905 | D:9      | Reached ** piety under the Shining One
 11908 | D:9      | Found a glowing silver altar of Zin.
 12001 | D:9      | Noticed a centaur warrior
 12398 | D:9      | Reached skill level 8 in Maces & Flails
 12476 | D:9      | Killed a centaur warrior
 12756 | D:9      | Found a staircase to the Lair.
 12973 | Lair:1   | Entered Level 1 of the Lair of Beasts
 12975 | Lair:1   | Noticed a black mamba
 13322 | D:10     | Entered Level 10 of the Dungeon
 13339 | D:10     | Noticed Gastronok
 13437 | D:10     | Reached skill level 5 in Dodging
 13469 | D:10     | Reached XP level 11. HP: 96/99 MP: 9/11
 13476 | D:10     | Reached skill level 5 in Throwing
 13484 | D:10     | Noticed Joseph
 13521 | D:10     | Killed Joseph
 13539 | D:10     | Found a staircase to the Orcish Mines.
 13650 | D:10     | Reached skill level 9 in Maces & Flails
 13727 | D:10     | Killed Gastronok
 13727 | D:10     | Reached skill level 1 in Invocations
 14096 | D:10     | Reached skill level 10 in Maces & Flails
 14618 | D:11     | Noticed a cyclops
 14706 | D:11     | Reached *** piety under the Shining One
 15070 | D:11     | Noticed a cyclops
 15303 | D:11     | Killed a cyclops
 15303 | D:11     | Reached skill level 11 in Maces & Flails
 15303 | D:11     | Reached XP level 12. HP: 104/109 MP: 12/12
 15617 | D:11     | Noticed a seven-headed hydra
 15937 | D:11     | Noticed a four-headed hydra
 15948 | D:11     | Killed a four-headed hydra
 16043 | D:11     | Killed a seven-headed hydra
 16223 | Orc:1    | Entered Level 1 of the Orcish Mines
 16226 | Orc:1    | Noticed Harold
 16332 | D:10     | Killed Harold
 16597 | Orc:2    | Entered Level 2 of the Orcish Mines
 16602 | Orc:2    | Found a staircase to the Elven Halls.
 16666 | Orc:2    | Noticed Nessos
 16685 | Orc:2    | Killed Nessos
 16685 | Orc:2    | Reached skill level 12 in Maces & Flails
 16818 | Orc:2    | Noticed a two-headed ogre
 16818 | Orc:2    | Noticed a two-headed ogre
 16818 | Orc:2    | Noticed a two-headed ogre
 16818 | Orc:2    | Noticed a two-headed ogre
 16818 | Orc:2    | Noticed an ogre mage
 16819 | Orc:2    | Noticed a two-headed ogre
 16819 | Orc:2    | Noticed an ogre mage
 16821 | Orc:2    | Noticed a two-headed ogre
 16822 | Orc:2    | Noticed a two-headed ogre
 16822 | Orc:2    | Killed a two-headed ogre
 16824 | Orc:2    | Killed a two-headed ogre
 16827 | Orc:2    | Killed a two-headed ogre
 16831 | Orc:2    | Killed a two-headed ogre
 16831 | Orc:2    | Reached skill level 1 in Evocations
 16834 | Orc:2    | Killed a two-headed ogre
 16835 | Orc:2    | Killed a two-headed ogre
 16835 | Orc:2    | Gained mutation: You can use your snake-like lower body to
                  | constrict enemies. [Naga growth]
 16835 | Orc:2    | Reached XP level 13. HP: 117/117 MP: 9/14
 16838 | Orc:2    | Killed an ogre mage
 16847 | Orc:2    | Killed an ogre mage
 16899 | Orc:2    | Reached skill level 13 in Maces & Flails
 16956 | Orc:2    | Noticed Maurice
 16969 | Orc:2    | Killed Maurice
 17051 | Orc:2    | Found Berphiucw's Antique Armour Emporium.
 17051 | Orc:2    | Found Jayngut's General Store.
 17054 | Orc:2    | Found Halashre's Gadget Shop.
 17054 | Orc:2    | Found Cinlefoi's General Store.
 17065 | Orc:2    | Bought a scroll of fear for 45 gold pieces
 17422 | Orc:1    | Noticed an ettin
 17428 | Orc:1    | Killed an ettin
 17536 | Orc:1    | Found a roughly hewn altar of Beogh.
 17538 | Orc:1    | Noticed Erolcha
 17546 | Orc:1    | Killed Erolcha
 17759 | Elf:1    | Entered Level 1 of the Elven Halls
 18185 | Elf:1    | Reached skill level 10 in Shields
 18327 | Elf:1    | Reached XP level 14. HP: 115/127 MP: 12/16
 18406 | Elf:1    | Reached skill level 10 in Throwing
 18435 | Elf:1    | Found Kitul's Distillery.
 18459 | Elf:1    | Bought a potion of invisibility for 120 gold pieces
 18459 | Elf:1    | Bought a potion of invisibility for 120 gold pieces
 18459 | Elf:1    | Bought a potion of heal wounds for 75 gold pieces
 18515 | Elf:1    | Reached skill level 14 in Maces & Flails
 18843 | Elf:1    | Reached **** piety under the Shining One
 18906 | Elf:1    | Identified the cursed +1 leather armour of the Lumpy Lives
                  | {rC++}
 19138 | Elf:1    | You fall into a shaft and drop 1 floor!
 19207 | Elf:2    | Found a runed translucent gate.
 19207 | Elf:2    | Found a runed translucent gate.
 19207 | Elf:2    | Found a runed translucent gate.
 19362 | Elf:2    | Reached XP level 15. HP: 136/136 MP: 18/18
 19464 | Elf:2    | The Shining One protects you from harm!
 19464 | Elf:2    | HP: 4/136 [+2 dire flail of crushing (5)]
 19469 | Elf:2    | Was placed under penance by the Shining One
 19472 | Elf:2    | HP: 1/204 [+2 dire flail of protection (10)]
 19485 | Elf:2    | Mangled by a +2 dire flail of protection

Levels and vault maps discovered:
D:1:      mrwooster_arrival_statue_3, layout_rooms
D:2:      minmay_evil_eye, layout_basic, grunt_qazlal_clouds, marbit_many_paths,
          hangedman_decor_peaks_small, minmay_snake_closets, uniq_natasha
D:3:      layout_rooms, overflow_temple_1_default, okawaru_altar_gauntlet_db
D:4:      layout_loops_cross, lemuel_crystal_altar,
          gammafunk_temple_overflow_arena, minmay_temple_entry_gardened_gates,
          trog_three_pillars_becter
D:5:      minmay_angry_zag, layout_cave_pools, first_ration
D:6:      gammafunk_cloud_chamber, layout_loops_ring,
          nicolae_overflow_crystal_walls, kennysheep_path_1
D:7:      layout_basic, grunt_temple_overflow_champion_of_chaos,
          nicolae_dithmenos_the_darkroom, uniq_duvessa
D:8:      gammafunk_jiyva_shrine, layout_basic, uniq_psyche
D:9:      layout_irregular_city, zin_academy, erik_lair_orcish_takeover
D:10:     layout_rooms, erik_orc_3, uniq_joseph, uniq_gastronok
D:11:     layout_rooms, blue_anna_alchemist [blue_anna_fruit_fields,
          blue_anna_fruit_fields], minmay_between
D:12:     layout_loops_corners, ebering_dispersal_statue_hall, elyvilon_altar_5,
          uniq_josephine
Temple:   grunt_temple_mini_profane
Lair:1:   layout_gridlike
Orc:1:    layout_caves, basic_altar, uniq_erolcha, uniq_harold
Orc:2:    st_orc_ogre_mass, layout_caves, uniq_nessos, uniq_maurice
Elf:1:    dpeg_oklob_gauntlet, layout_geoelf_diagonals, serial_shops, shop,
          minmay_elf_crystal_heptagon
Elf:2:    layout_gridlike, serial_shops, shop_fountains, hex_tiny,
          minmay_misc_feat_ornament, st_stairs_13, hex_medium

Skill      XL: |  1  2  3  4  5  6  7  8  9 10 11 12 13 14 15 |
---------------+----------------------------------------------+-----
Armour         | 3 4 5 |  5.9
Shields        | 3 4 5 6 8 9 10 11 | 11.6
Dodging        | 1 2 3 4 5 6 7 8 |  8.0
Short Blades   | 3 |  3.3
Maces & Flails | 2 3 4 6 8 11 12 13 14 | 14.0
Throwing       | 1 3 4 5 7 9 10 | 10.7
Fighting       | 4 5 6 7 8 9 |  9.4
Stealth        | 1 2 3 4 |  4.0
Invocations    | 1 2 4 |  4.0
Evocations     | 1 2 |  2.1
Spellcasting   | |  0.2
Charms         | |  0.2

Action                   |  1- 3 |  4- 6 |  7- 9 | 10-12 | 13-15 || total
-------------------------+-------+-------+-------+-------+-------++-------
Melee: Rapier            |    98 |   325 |       |       |     4 ||   427
       Flail             |       |   194 |       |       |       ||   194
       Mace              |       |    81 |   396 |   701 |   456 ||  1634
       Constrict         |       |       |       |       |    76 ||    76
Throw: Stone             |       |    79 |    55 |    46 |       ||   180
       Boomerang         |       |    18 |    43 |   135 |   194 ||   390
       Dart              |       |       |    25 |    22 |       ||    47
       Javelin           |       |       |     2 |    19 |       ||    21
Invok: Renounce Religion |       |       |     1 |       |       ||     1
       Divine Shield     |       |       |       |    14 |    15 ||    29
 Abil: Spit Poison       |     9 |    29 |    49 |    69 |    22 ||   178
Evoke: Wand              |       |       |       |    14 |    11 ||    25
  Use: Scroll            |     3 |     5 |    11 |    14 |     7 ||    40
       Potion            |     1 |     2 |     8 |     6 |     5 ||    22
  Eat: Chunk             |       |    13 |    13 |    17 |     7 ||    50
       Ration            |       |       |     2 |     1 |     1 ||     4
Armor: Scale mail        |    27 |   324 |       |       |       ||   351
       Leather armour    |    18 |       |    46 |    22 |       ||    86
       Ring mail         |       |    47 |   166 |       |       ||   213
       Troll leather arm |       |       |       |   122 |    29 ||   151
       Skin              |       |       |       |    23 |     3 ||    26
Dodge: Dodged            |    35 |   203 |   152 |   144 |    51 ||   585
       Deflected         |       |       |       |     5 |    12 ||    17
Block: Shield            |    68 |   409 |   217 |    15 |       ||   709
       Large shield      |       |       |       |  1000 |   465 ||  1465
